 Dungeon Crawl Stone Soup version 0.25-b1-29-g4cfa5c7 (webtiles) character file.

Game seed: 7480931461691470657, levelgen mode: deterministic

107 Dorkslayer the Skirmisher (level 4, -1/37 HPs)
             Began as a Demonspawn Abyssal Knight on May 31, 2020.
             Was a Believer of Lugonu.
             Slain by an orc wizard
             ... wielding a +0 dagger
              (2 damage)
             ... on level 2 of the Dungeon.
             The game lasted 00:07:59 (1719 turns).

Dorkslayer the Skirmisher (DsAK)                    Turns: 1719, Time: 00:08:00

Health: -1/37      AC:  4    Str: 11 (13) XL:     4   Next: 56%
Magic:  0/6        EV: 11    Int: 13      God:    Lugonu [**....]
Gold:   148        SH:  0    Dex: 10 (13) Spells: 3/3 levels left

rFire    + . .     SeeInvis .   g - +4 dagger
rCold    + . .     Gourm    .   (no shield)
rNeg     . . .     Faith    .   b - +0 leather armour
rPois    +         Spirit   +   (no helmet)
rElec    +         Reflect  .   (no cloak)
rCorr    +         Harm     .   (no gloves)
MR       .....                  d - +0 pair of boots
Stlth    ..........             (no amulet)
HPRegen  0.12/turn              l - ring of flight
MPRegen  0.10/turn              (no ring)

@: confused, resistant, hasted, very quick
A: powered by pain 1, magic shield
a: Depart the Abyss, Bend Space, Renounce Religion, Evoke Flight


You were on level 2 of the Dungeon.
You worshipped Lugonu.
Lugonu was pleased with you.
You were not hungry.

You visited 1 branch of the dungeon, and saw 3 of its levels.
You visited the Abyss 1 time.

You collected 148 gold pieces.

Inventory:

Hand Weapons
 a - a +1 hand axe
 g - a +4 dagger (weapon)
Missiles
 k - 11 poisoned darts (quivered)
Armour
 b - a +0 leather armour (worn)
 d - a +0 pair of boots (worn)
Jewellery
 l - a ring of flight (left hand)
Scrolls
 e - a scroll of immolation {unknown}
 h - 2 scrolls of identify {unknown}
 i - a scroll of enchant armour {unknown}
 j - 2 scrolls of remove curse {unknown}
Comestibles
 c - 3 rations
 f - 5 chunks of flesh


   Skills:
 * Level 4.3 Fighting
 + Level 0.6 Short Blades
 + Level 2.2 Axes
 + Level 2.1 Armour
 + Level 1.6 Dodging
 + Level 0.1 Stealth
 * Level 3.0 Invocations


You had 3 spell levels left.
You didn't know any spells.
Your spell library was empty.

Dungeon Overview and Level Annotations

Branches:
Dungeon (3/15)

Altars:
Xom


Innate Abilities, Weirdness & Mutations

You sometimes gain a little power by taking damage.
When hurt, damage is shared between your health and your magic reserves.


Message History

You kill the goblin!
Lugonu accepts your kill.
You hear some strange, mumbled words.
You are confused.
Something hits you but does no damage.
Unknown command.
You aren't carrying any potions.
You're too confused!
Unknown command.
You hit something but do no damage. Something hits you.
A magic dart appears from out of thin air!
The magic dart hits you.
* * * LOW HITPOINT WARNING * * *
A puff of flame appears from out of thin air!
The puff of flame hits you. You resist.
* * * LOW HITPOINT WARNING * * *
You see here a stone.
Something hits you.
You die...

........#.########'####### ###..
........#......##........# #....
.........................# #....
........#....#.#.........## #....
.............'............# #....
..รท.....#....#............#
####. ##'#.........#............#
#. #.#.####.####..>.........# #.
#.#.####.# #({@{.###....# #.
#.#...##.# #(....###....######.
##.###.##.####...)[..............
.................###.............
.....#......(....................
.....#...........###.............
.....#...........# #.....>.......
.....#...........###.............
.....####.########...............


There were no monsters in sight!

Vanquished Creatures
  An adder (D:2)
  4 gnolls (D:2)
  A dart slug (D:2)
  A leopard gecko (D:1)
  An orc (D:2)
  2 bats (D:1)
  2 giant cockroaches
  10 hobgoblins
  2 jackals (D:1)
  A quokka (D:2)
  A ball python (D:2)
  3 frilled lizards
  13 goblins
  5 kobolds
  8 rats
55 creatures vanquished.

Notes
Turn   | Place    | Note
-------+----------+-------------------------------------------
     0 | Abyss:1  | Dorkslayer the Demonspawn Abyssal Knight began the quest
                  | for the Orb.
     0 | Abyss:1  | Reached XP level 1. HP: 18/18 MP: 2/2
    31 | Abyss:1  | Found a corrupted altar of Lugonu.
    39 | Abyss:1  | Noticed an apocalypse crab
    42 | D:1      | Escaped the Abyss
   154 | D:1      | Reached skill level 1 in Dodging
   154 | D:1      | Gained mutation: When hurt, damage is shared between your
                  | health and your magic reserves. [demonic ancestry]
   154 | D:1      | Reached XP level 2. HP: 21/24 MP: 3/3
   190 | D:1      | Reached * piety under Lugonu
   715 | D:1      | Reached XP level 3. HP: 26/30 MP: 4/4
   765 | D:1      | Found a shimmering altar of Xom.
   980 | D:2      | Reached skill level 4 in Fighting
  1013 | D:2      | Gained mutation: You sometimes gain a little power by
                  | taking damage. [demonic ancestry]
  1013 | D:2      | Reached XP level 4. HP: 33/37 MP: 2/6
  1196 | D:2      | Reached ** piety under Lugonu
  1717 | D:2      | HP: 1/37 [something/puff of flame (4)]
  1719 | D:2      | Slain by an orc wizard

Illustrated notes

Levels and vault maps discovered:
D:1:      eino_arrival_water_cross, layout_basic, xom_teletrap_fun
D:2:      cheibrodos_greedy_goblins, layout_basic, minmay_pentomino_o2
D:3:      layout_loops_ring, bloody_makhleb, first_ration, nrook_mini_backslash,
          moated_statue

Skill      XL: |  1  2  3  4 |
---------------+-------------+-----
Dodging        | 1 |  1.6
Axes           | 2 |  2.2
Fighting       | 4 |  4.3
Armour         | 2 |  2.1
Invocations    | 3 |  3.0
Short Blades   | |  0.6
Stealth        | |  0.1

Action                   |  1- 3 |  4- 6 || total
-------------------------+-------+-------++-------
Melee: Hand axe          |    18 |       ||    18
       Dagger            |    95 |    68 ||   163
Throw: Dart              |       |     5 ||     5
Invok: Depart the Abyss  |     1 |       ||     1
  Use: Potion            |     6 |     2 ||     8
  Eat: Chunk             |       |     3 ||     3
Armor: Leather armour    |    12 |    19 ||    31
       Skin              |    10 |     1 ||    11
Dodge: Dodged            |    59 |    58 ||   117
